 Dungeon Crawl Stone Soup version 0.22-a0-565-gfc6459a (webtiles) character file.

36663 iamserjio the Nimble (level 13, 0/142 HPs)
             Began as an Octopode Wanderer on June 28, 2018.
             Was a High Priest of Okawaru.
             Slain by a black mamba (11 damage)
             ... on level 5 of the Lair of Beasts.
             The game lasted 01:21:28 (29665 turns).

iamserjio the Nimble (Octopode Wanderer)           Turns: 29665, Time: 01:21:29

Health: 0/142      AC: 26    Str: 13    XL:     13   Next: 91%
Magic:  9/19       EV:  2    Int: 17    God:    Okawaru [*****.]
Gold:   839        SH:  5    Dex: 12    Spells: 10/20 levels left

rFire    + + .     SeeInvis .   v - +3 broad axe (flame)
rCold    . . .     Gourm    .   x - +0 buckler {rF+}
rNeg     + + +     Faith    .   (helmet currently unavailable)
rPois    +         Spirit   .   (no amulet)
rElec    .         Reflect  .   m - ring of protection from fire
rCorr    .         Harm     .   (no ring)
MR       .....     NoTele   +   (no ring)
Stlth    ++++......             (no ring)
HPRegen  0.33/turn              (no ring)
MPRegen  0.16/turn              (no ring)
                                (no ring)
                                (no ring)

@: tree-form, singing
A: almost no armour, stealthy swim, (amphibious), 8 rings, (constrict 8)
a: Heroism, Finesse, Renounce Religion


You were on level 5 of the Lair of Beasts.
You worshipped Okawaru.
Okawaru was extremely pleased with you.
You were very hungry.
You were a tree.
You visited 3 branches of the dungeon, and saw 18 of its levels.
You also visited: Volcano.

You collected 1007 gold pieces.
You spent 168 gold pieces at shops.

Inventory:

Hand Weapons
 q - a +3 blowgun
 u - a cursed -2 short sword
 v - a +3 broad axe of flaming (weapon)
 B - the +7 hunting sling of Tenacity {venom, MP+9 Str+2, unknown}
   (You found it on level 3 of the Lair of Beasts)

   It poisons the ammo it fires.
   It affects your strength (+2).
   It affects your magic capacity (+9).
 F - a +0 morningstar
 G - a +2 broad axe of chopping
Missiles
 s - 19 tomahawks (quivered)
 t - 14 curare-tipped needles {!f}
 U - 83 sling bullets
 Z - 4 throwing nets {!f}
Armour
 x - a +0 buckler of fire resistance (worn)
Jewellery
 m - a ring of protection from fire (left branch)
Wands
 a - a wand of paralysis (5)
 h - a wand of disintegration (15)
 k - a wand of enslavement (6)
 L - a wand of digging (26)
 T - a wand of iceblast (38)
Scrolls
 b - a scroll of summoning {unknown}
 c - 2 scrolls of immolation
 d - 3 scrolls of teleportation
 e - a scroll of enchant weapon {unknown}
 g - a scroll of fear {unknown}
 j - a scroll of blinking {unknown}
 p - a scroll of random uselessness {unknown}
 y - 2 scrolls of fog
 z - 2 scrolls of magic mapping {unknown}
 D - a scroll of vulnerability {unknown}
 H - 2 scrolls of enchant armour
 I - a scroll of silence {unknown}
 N - a scroll of torment {unknown}
 P - a scroll of acquirement
 S - 6 scrolls of remove curse {@r2}
Potions
 i - 2 potions of lignification
 n - a potion of invisibility
 o - 2 potions of brilliance
 r - 4 potions of degeneration
 w - 2 potions of might {unknown}
 C - 4 potions of resistance
 E - 3 potions of mutation
 K - 4 potions of curing {@q1}
 O - 2 potions of cancellation {unknown}
 Q - a potion of flight {unknown}
 V - a potion of magic {unknown}
Comestibles
 f - 15 rations


   Skills:
 + Level 11.0 Fighting
 * Level 11.2 Axes
 * Level 12.9 Dodging
 - Level 10.0 Stealth
 - Level 4.0 Shields
 - Level 4.0 Spellcasting
 - Level 4.0 Hexes
 - Level 4.0 Charms
 - Level 2.0 Necromancy
 - Level 2.0 Translocations
   Level 1.0 Transmutations
   Level 2.0 Earth Magic
 - Level 5.0 Invocations


You had 10 spell levels left.
You knew the following spells:

 Your Spells              Type           Power        Failure   Level  Hunger
a - Song of Slaying       Chrm           ###.....     4%          2    ##.....
b - Spectral Weapon       Hex/Chrm       ###.....     9%          3    ###....
c - Shroud of Golubria    Chrm/Tloc      ##........   7%          2    ##.....
d - Regeneration          Chrm/Necr      ##........   14%         3    ###....

Your spell library contained the following spells:

 Spells                   Type           Power        Failure   Level  Hunger
 Fireball                 Conj/Fire      #.........   99%         5    ######.
 Conjure Flame            Conj/Fire      #.......     43%         3    ###....
 Throw Flame              Conj/Fire      #.....       24%         2    ##.....
 Sticky Flame             Conj/Fire      #.......     83%         4    ####...
 Sting                    Conj/Pois      #...         16%         1    None
 Spider Form              Tmut/Pois      #.........   36%         3    ###....
 Flame Tongue             Conj/Fire      #....        16%         1    None
 Static Discharge         Conj/Air       #.......     43%         3    ###....
 Inner Flame              Hex/Fire       ##......     21%         3    ###....
 Beastly Appendage        Tmut           #.....       11%         1    None
 Infusion                 Chrm           ###.         3%          1    None


Dungeon Overview and Level Annotations

Branches:
Dungeon (11/15)            Temple (0/1) D:5            Lair (6/6) D:10
 Shoals (0/4) Lair:4        Snake (0/4) Lair:4          Orc (1/2) D:10
  Slime: Lair:5-6

Altars:
Cheibriados
Dithmenos
Elyvilon
Gozag
Hepliaklqana
Kikubaaqudgha
Makhleb
Nemelex Xobeh
Okawaru
Ru
Trog
Vehumet
Wu Jian
Xom
The Shining One

Shops:
D:9 *   D:10 [

Annotations:
D:11 exclusion: hydra
Lair:2 3 runed doors, Zinlufut's ghost, journeyman DEFE


Innate Abilities, Weirdness & Mutations

You cannot wear most types of armour.
You are very stealthy in the water. (Stealth+)
((You are amphibious.))
You can wear up to eight rings at the same time.
((You can use your tentacles to constrict eight enemies at once.))
((Your skin changes colour to match your surroundings (Stealth+).))
((Your rubbery body absorbs attacks. (AC +1, EV +1)))


Message History

You miss the water moccasin. You block the black mamba's attack.
The water moccasin bites you.
* * * LOW HITPOINT WARNING * * *
You are poisoned.
The water moccasin poisons you!
The black mamba bites you but does no damage.
You hit the black mamba. You burn the black mamba.
The black mamba is moderately wounded.
You hit the water moccasin. You burn the water moccasin.
You feel sick. The black mamba bites you.
* * * LOW HITPOINT WARNING * * *
The water moccasin bites you but does no damage.
The black mamba bites you.
* * * LOW HITPOINT WARNING * * *
You are lethally poisoned!
The black mamba poisons you!
You feel better.
The water moccasin bites you but does no damage.
The black mamba bites you!
You die...

.....####.......#....#.PP.....>.#
.....# ##......##.....P..........
.....###..........##.............
....#.##........P.###............
.....##...........####...........
....###............#####.........
.....##...........#.# ##........
...##...........S..## #.#P.##...
..####.#........♣..# ########..
#.# ###.........S## ###. ###
##P.........# ####... # ####
####.....#.## ###......
####..####.##...###.# ##P#......
..##..P...###...# ### ##.........
.###............# ##.#........
.##P............# #.#.........
.###............### ##.#.........


You could see a black mamba and a water moccasin.

Vanquished Creatures
  Josephine (D:10)
  A hydra (Lair:2)
  A catoblepas (Lair:3)
  2 two-headed ogres
  5 death yaks
  Nergalle (Lair:3)
  Sonja (D:10)
  A fire crab (Lair:4)
  A skeletal warrior (Volcano)
  Pikel (D:9)
  An ugly thing (D:11)
  A deep elf mage (D:9)
  9 elephants
  A merfolk siren (Lair:4)
  A centaur zombie (D:10)
  Joseph (D:9)
  4 spiny frogs
  3 gargoyles (Volcano)
  2 centaur skeletons
  A kobold demonologist (D:11)
  A rime drake (Lair:4)
  10 komodo dragons
  8 trolls
  A polar bear (Lair:5)
  3 blink frogs (Lair:4)
  10 hippogriffs
  2 alligator skeletons (Volcano)
  2 wyverns
  3 flying skulls (Volcano)
  A wraith (D:10)
  A basilisk (Lair:5)
  20 yaks
  A hungry ghost (D:8)
  Grum (D:9)
  3 nagas (Lair:4)
  2 hell hounds (D:10)
  10 porcupines
  3 water moccasins
  An eye of draining (D:10)
  7 orc warriors
  2 slaves (D:9)
  4 ice beasts
  A black bear (D:11)
  3 ogres
  A necrophage (D:9)
  16 wolves
  2 centaurs (D:7)
  6 crocodiles
  3 big kobolds
  12 bullfrogs
  A scorpion (D:8)
  10 wights
  4 electric eels
  7 crimson imps
  A lava snake (Lair:1)
  A bullfrog zombie (D:6)
  Crazy Yiuf (D:5)
  3 orc priests
  6 hounds
  A jelly (D:9)
  A bullfrog skeleton (D:4)
  3 iguanas
  12 orc wizards
  9 worker ants
  A killer bee zombie (D:8)
  A hound skeleton (D:7)
  8 gnolls
  10 adders
  5 shadow imps
  An adder skeleton (D:4)
  3 worms
  2 dart slugs (D:2)
  5 leopard geckos
  38 orcs
  4 giant cockroaches
  6 goblins
  8 hobgoblins
  19 jackals
  18 kobolds
  3 quokkas
  4 ball pythons
  4 bats
  2 frilled lizards
  A leopard gecko zombie (D:6)
  A quokka skeleton (D:4)
  8 rats
  4 fungi
395 creatures vanquished.

Vanquished Creatures (collateral kills)
  A merfolk (Lair:4)
  A yak (Lair:4)
2 creatures vanquished.

Vanquished Creatures (others)
  2 yaks (Lair:4)
  2 slaves (D:9)
  2 wolves (Lair:4)
  An adder skeleton (D:9)
  11 fungi
  3 plants (Lair:5)
  7 spectral weapons
28 creatures vanquished.

Grand Total: 425 creatures vanquished

Notes
Turn   | Place    | Note
-------+----------+-------------------------------------------
     0 | D:1      | iamserjio the Octopode Wanderer began the quest for the Orb.
     0 | D:1      | iamserjio set off with: a +2 hand axe, a +0 dagger, a ration
     0 | D:1      | Reached XP level 1. HP: 14/14 MP: 1/1
   415 | D:1      | Reached skill level 1 in Dodging
   415 | D:1      | Reached XP level 2. HP: 19/19 MP: 2/2
   663 | D:1      | You fall through a shaft!
  1223 | D:2      | Reached XP level 3. HP: 25/25 MP: 3/3
  1490 | D:2      | Reached skill level 2 in Dodging
  1738 | D:3      | Found a sparkling altar of Nemelex Xobeh.
  1813 | D:3      | Reached XP level 4. HP: 19/30 MP: 4/4
  3295 | D:4      | Reached skill level 3 in Dodging
  3295 | D:4      | Reached XP level 5. HP: 36/36 MP: 5/5
  3549 | D:4      | Found a white marble altar of Elyvilon.
  3691 | D:4      | Reached skill level 4 in Dodging
  3691 | D:4      | Reached XP level 6. HP: 37/42 MP: 6/6
  3931 | D:4      | Found an iron altar of Okawaru.
  3935 | D:4      | Became a worshipper of Warmaster Okawaru
  3979 | D:5      | Entered Level 5 of the Dungeon
  3988 | D:4      | Reached skill level 5 in Stealth
  4384 | D:4      | HP: 2/43 [orc/club (3)]
  4716 | D:4      | Reached XP level 7. HP: 40/48 MP: 7/7
  4972 | D:5      | Found a staircase to the Ecumenical Temple.
  4982 | D:5      | Reached skill level 5 in Dodging
  5510 | D:5      | Reached * piety under Okawaru
  5781 | D:5      | Found a bloodstained altar of Trog.
  5880 | D:5      | Found a runed door.
  5884 | D:5      | Noticed Crazy Yiuf
  5889 | D:5      | Killed Crazy Yiuf
  6249 | D:6      | Found a sparkling altar of Nemelex Xobeh.
  6262 | D:6      | Reached skill level 1 in Invocations
  6267 | D:6      | Reached XP level 8. HP: 22/54 MP: 8/8
  6480 | D:6      | Reached skill level 6 in Dodging
  6607 | D:6      | Reached skill level 5 in Fighting
  6794 | D:6      | Found a shadowy altar of Dithmenos.
  7189 | D:6      | Reached skill level 7 in Dodging
  7785 | D:7      | Noticed a hippogriff
  7849 | D:7      | Reached ** piety under Okawaru
  7889 | D:7      | Reached XP level 9. HP: 30/61 MP: 8/11
  8562 | D:7      | Reached skill level 5 in Axes
  9119 | D:8      | Found an ancient bone altar of Kikubaaqudgha.
  9119 | D:8      | Found a sacrificial altar of Ru.
  9123 | D:8      | Found a hazy altar of Hepliaklqana.
  9123 | D:8      | Found an opulent altar of Gozag.
  9160 | D:8      | Reached skill level 8 in Dodging
  9395 | D:8      | Found an ornate altar of the Wu Jian Council.
  9417 | D:8      | Noticed a two-headed ogre
  9446 | D:8      | Killed a two-headed ogre
  9446 | D:8      | Reached *** piety under Okawaru
  9729 | D:8      | Reached skill level 9 in Dodging
  9729 | D:8      | Reached XP level 10. HP: 40/72 MP: 9/12
  9945 | D:8      | Found a burning altar of Makhleb.
 10728 | D:9      | Noticed Pikel
 10747 | D:9      | Killed Pikel
 10747 | D:9      | Reached **** piety under Okawaru
 10747 | D:9      | Reached skill level 1 in Shields
 11147 | D:9      | Noticed a deep elf mage
 11155 | D:9      | Killed a deep elf mage
 11283 | D:9      | Found a snail-covered altar of Cheibriados.
 11518 | D:9      | Found Tuane's General Store.
 11736 | D:9      | Noticed Grum
 11755 | D:9      | Killed Grum
 12260 | D:9      | Bought a potion of invisibility for 96 gold pieces
 12260 | D:9      | Bought 2 potions of curing for 72 gold pieces
 12683 | D:9      | Noticed Joseph
 12695 | D:9      | Killed Joseph
 12695 | D:9      | Reached XP level 11. HP: 36/78 MP: 12/14
 12919 | D:9      | Noticed an iron troll
 13350 | D:9      | Found a radiant altar of Vehumet.
 13374 | D:9      | Noticed a two-headed ogre
 13643 | D:9      | Killed a two-headed ogre
 13643 | D:9      | Reached skill level 10 in Dodging
 13702 | D:9      | Reached ***** piety under Okawaru
 13848 | D:9      | Noticed an iron troll
 14706 | D:9      | Reached skill level 10 in Stealth
 14974 | D:9      | Noticed a deep troll
 14986 | D:9      | Learned a level 2 spell: Song of Slaying
 14990 | D:9      | Learned a level 3 spell: Spectral Weapon
 14993 | D:9      | Learned a level 2 spell: Shroud of Golubria
 15080 | D:10     | Entered Level 10 of the Dungeon
 15489 | D:10     | Reached skill level 1 in Spellcasting
 15747 | D:10     | Found a shimmering altar of Xom.
 15748 | D:10     | Noticed Sonja
 15757 | D:10     | Killed Sonja
 15757 | D:10     | Received a gift from Okawaru
 15757 | D:10     | Reached skill level 1 in Hexes
 15757 | D:10     | Reached skill level 1 in Charms
 15757 | D:10     | Reached skill level 1 in Translocations
 15807 | D:10     | Found Niheun's Armour Shoppe.
 15807 | D:10     | Found a staircase to the Orcish Mines.
 16138 | D:10     | Found a staircase to the Lair.
 17246 | D:11     | Noticed a six-headed hydra
 17282 | D:11     | Noticed a brown ugly thing
 17340 | D:11     | Killed a brown ugly thing
 17575 | D:11     | Reached XP level 12. HP: 73/86 MP: 14/16
 18517 | D:11     | Learned a level 3 spell: Regeneration
 19143 | Orc:1    | Entered Level 1 of the Orcish Mines
 19143 | Orc:1    | Noticed Josephine
 19149 | D:10     | Killed Josephine
 19265 | Lair:1   | Entered Level 1 of the Lair of Beasts
 19435 | Lair:1   | Found a glowing golden altar of the Shining One.
 21164 | Lair:2   | Found a bloodstained altar of Trog.
 21200 | Lair:2   | Noticed a five-headed hydra
 21210 | Lair:2   | Killed a two-headed hydra
 21248 | Lair:2   | Reached skill level 11 in Dodging
 21542 | Lair:2   | Received a gift from Okawaru
 21845 | Lair:2   | Reached skill level 10 in Fighting
 21861 | Lair:2   | Noticed Zinlufut's ghost (journeyman DEFE)
 21870 | Lair:2   | Found a runed gate.
 21870 | Lair:2   | Found a runed gate.
 21872 | Lair:2   | Found a runed gate.
 22511 | Lair:3   | Identified a scroll of acquirement
 22607 | Lair:3   | Reached skill level 1 in Necromancy
 22680 | Lair:3   | Got a steaming hunting sling
 22708 | Lair:3   | Noticed a catoblepas
 22848 | Lair:3   | Found a dark tunnel.
 22856 | Volcano  | Entered a volcano
 22986 | Volcano  | Reached XP level 13. HP: 73/92 MP: 3/19
 23447 | Lair:3   | HP: 2/92 [catoblepas/blast of calcifying dust (11)]
 23450 | Lair:3   | Reached skill level 5 in Invocations
 23912 | Lair:3   | Noticed Nergalle
 23930 | Lair:3   | Killed Nergalle
 24742 | Lair:4   | Reached skill level 10 in Axes
 24788 | Lair:4   | Reached skill level 12 in Dodging
 25057 | Lair:4   | Found a staircase to the Snake Pit.
 26890 | Lair:4   | Found a staircase to the Shoals.
 28482 | Lair:4   | HP: 5/141 [death yak (12)]
 29634 | Lair:6   | Entered Level 6 of the Lair of Beasts
 29664 | Lair:5   | HP: 5/142 [black mamba (3)]
 29665 | Lair:5   | Slain by a black mamba

Vault maps used:
D:1:      ncdulo_halloftheorcs
D:3:      nemelex_altar_shiori
D:4:      marbit_many_paths, elyvilon_altar_1
D:5:      lightli_temple_of_fire, temple_doors_e, first_ration,
          uniq_crazy_yiuf_cottage
D:6:      kennysheep_mini_moat, nicolae_overflow_crystal_walls,
          grunt_ministairs_10
D:8:      old_standard_altar, grunt_temple_overflow_open,
          nicolae_overflow_hidden_temple, serial_co_window_serial,
          co_window_paths_a, co_window_paths_a, co_window_of_opportunity_a,
          co_window_corner_a, co_window_corner_a, co_window_paths_b,
          co_window_paths_a, co_window_paths_a, co_window_of_opportunity_a,
          co_window_of_opportunity_c, co_window_cross_2, co_window_broadway_b,
          co_window_paths_c, co_window_of_opportunity_b, co_window_broadway_b,
          co_window_corner_ca, glass_columns_a, glass_columns_a,
          glass_columns_b, glass_columns_a, glass_columns_c
D:9:      lemuel_troll_bridge, lemuel_doored_altar, lemuel_crystal_altar,
          serial_shops, shop, uniq_grum, uniq_pikel, uniq_joseph
D:10:     minmay_lair_entry_lava, orc_david_3, basic_altar, uniq_sonja
Lair:1:   basic_altar, serial_bayou_pond_e
Lair:2:   basic_altar, gammafunk_ghost_split, beast_lair_carwin_5
Lair:3:   enter_volcano_1, grunt_megastairs_2, lemuel_fruit_fields,
          uniq_nergalle
Lair:4:   elwin_shoals_entry_rooms, minmay_snake_entry_guardpost_small
Lair:5:   serial_bayou_crossing, lemuel_fruit_fields
Lair:6:   guppyfry_lair_end_dragon, hangedman_lair_caniforms_friends,
          slime_altar_1, kennysheep_abandoned_house
Orc:1:    basic_altar, uniq_josephine
Volcano:  volcano_tomb

Skill      XL: |  1  2  3  4  5  6  7  8  9 10 11 12 13 |
---------------+----------------------------------------+-----
Stealth        | 3 4 5 6 7 8 9 10 | 10.0
Dodging        | 1 2 3 4 5 7 9 10 11 12 | 12.9
Fighting       | 3 4 5 7 8 9 10 11 | 11.0
Invocations    | 1 3 4 5 |  5.0
Axes           | 5 6 7 9 11 | 11.2
Shields        | 4 |  4.0
Spellcasting   | 3 4 |  4.0
Hexes          | 2 3 4 |  4.0
Charms         | 2 4 |  4.0
Translocations | 2 |  2.0
Necromancy     | 1 2 |  2.0
Transmutations | |  1.0
Earth Magic    | |  2.0

Action                   |  1- 3 |  4- 6 |  7- 9 | 10-12 | 13-15 || total
-------------------------+-------+-------+-------+-------+-------++-------
Melee: Hand axe          |    63 |   101 |   207 |   174 |       ||   545
       Constrict         |    17 |    37 |    43 |    63 |    21 ||   181
       Tentacles         |    10 |    17 |    48 |    97 |    46 ||   218
       Short sword       |       |       |     7 |       |       ||     7
       Punch             |       |       |     3 |    15 |    12 ||    30
       War axe           |       |       |       |   102 |       ||   102
       Broad axe         |       |       |       |   334 |   272 ||   606
 Fire: Blowgun           |       |       |    12 |     5 |       ||    17
Throw: Tomahawk          |       |     3 |     4 |    10 |     4 ||    21
       Throwing net      |       |       |     2 |     1 |       ||     3
 Cast: Regeneration      |       |       |       |    10 |    12 ||    22
       Shroud of Golubri |       |       |       |     8 |    12 ||    20
       Spectral Weapon   |       |       |       |     2 |     7 ||     9
       Song of Slaying   |       |       |       |     2 |     4 ||     6
Invok: Heroism           |       |       |    13 |    41 |    22 ||    76
Evoke: Wand              |       |       |     1 |    19 |     9 ||    29
  Use: Potion            |       |     1 |     1 |     4 |    11 ||    17
       Scroll            |       |       |     9 |     4 |     5 ||    18
 Stab: Sleeping          |    14 |    10 |     9 |    21 |     6 ||    60
       Distracted        |       |       |     1 |     1 |     3 ||     5
       Paralysed         |       |       |       |     6 |       ||     6
       Petrifying        |       |       |       |       |     3 ||     3
  Eat: Chunk             |     3 |     7 |    11 |    30 |    11 ||    62
       Ration            |       |       |     2 |     5 |     3 ||    10
Armor: Skin              |     3 |       |     3 |    52 |    42 ||   100
Dodge: Dodged            |    36 |    70 |   169 |   413 |   225 ||   913
Block: Buckler           |       |       |       |   128 |    67 ||   195

Table legend:
 A = Spawn XP
 B = Non-spawn XP
 C = Spawn XP percentage of total XP
 D = Spawn monster count
 E = Non-spawn monster count
 F = Spawn count percentage of total count
 G = Total turns spent on level
                    A         B        C        D         E        F      G
               +---------+---------+-------+---------+---------+-------+---------
         Total |       0 |   52377 |   0.0 |       0 |     392 |   0.0 | 29665
               +---------+---------+-------+---------+---------+-------+---------
           D:1 |       0 |      12 |   0.0 |       0 |       8 |   0.0 |   975
           D:2 |       0 |      37 |   0.0 |       0 |      17 |   0.0 |   545
           D:3 |       0 |      87 |   0.0 |       0 |      32 |   0.0 |  1989
           D:4 |       0 |     470 |   0.0 |       0 |      21 |   0.0 |  1426
           D:5 |       0 |     468 |   0.0 |       0 |      25 |   0.0 |  1095
           D:6 |       0 |    1058 |   0.0 |       0 |      25 |   0.0 |  2000
           D:7 |       0 |    1149 |   0.0 |       0 |      19 |   0.0 |   932
           D:8 |       0 |    1566 |   0.0 |       0 |      10 |   0.0 |  1973
           D:9 |       0 |    7886 |   0.0 |       0 |      59 |   0.0 |  4145
          D:10 |       0 |    6108 |   0.0 |       0 |      53 |   0.0 |  3095
          D:11 |       0 |    3026 |   0.0 |       0 |      18 |   0.0 |  1080
        Lair:1 |       0 |    1807 |   0.0 |       0 |       8 |   0.0 |  1848
        Lair:2 |       0 |    3735 |   0.0 |       0 |      13 |   0.0 |  1397
        Lair:3 |       0 |    5815 |   0.0 |       0 |      19 |   0.0 |  2101
        Lair:4 |       0 |    8324 |   0.0 |       0 |      33 |   0.0 |  2721
        Lair:5 |       0 |    7277 |   0.0 |       0 |      20 |   0.0 |  1768
        Lair:6 |       0 |     608 |   0.0 |       0 |       3 |   0.0 |    24
       Volcano |       0 |    2944 |   0.0 |       0 |       9 |   0.0 |   541
               +---------+---------+-------+---------+---------+-------+---------
